 Dungeon Crawl Stone Soup version 0.31-a0-574-g69dc8cc98e (webtiles) character file.

Game seed: 487262192930692922

77 javelincjr the Ogre Mage (level 4, -2/39 HPs)
             Began as an Ogre Hedge Wizard on Aug 18, 2023.
             Slain by a gnoll
             ... wielding a +0 club
              (6 damage)
             ... on level 2 of the Dungeon.
             The game lasted 00:07:40 (2421 turns).

javelincjr the Ogre Mage (Ogre Hedge Wizard)        Turns: 2421, Time: 00:07:41

Health: -2/39      AC:  3    Str: 14    XL:     4   Next: 34%
Magic:  0/10       EV:  9    Int: 17    God:
Gold:   55         SH:  0    Dex:  8    Spells: 6/11 levels left

rFire   x x .        a - +0 dagger
rCold   + + .        (no shield)
rNeg    . . .        b - +0 robe
rPois   .            c - +0 hat
rElec   .            (no cloak)
rCorr   .            (gloves unavailable)
SInv    .            (boots unavailable)
Will    .....        (no amulet)
Stlth   ++           e - ring of ice
HPRegen 0.26/turn    l - ring of ice
MPRegen 0.12/turn

%: no passive effects
@: no status effects
A: large, unfitting armour, tough skin 1
a: no special abilities


You were on level 2 of the Dungeon.
You visited 1 branch of the dungeon, and saw 3 of its levels.

You collected 55 gold pieces.

Inventory:

Hand Weapons
 a - a +0 dagger (weapon)
Missiles
 g - 4 curare-tipped darts
Armour
 b - a +0 robe (worn)
 c - a +0 hat (worn)
Jewellery
 e - a ring of ice (left hand)
 l - a ring of ice (right hand)
Scrolls
 h - 2 scrolls of enchant armour {unknown}
 i - a scroll of identify {unknown}
 k - 2 scrolls of torment {unknown}
 n - a scroll of fog {unknown}
Potions
 d - a potion of magic
 f - a potion of heal wounds {unknown}
 j - 2 potions of curing {unknown}
 m - a potion of might {unknown}


   Skills:
 + Level 2.2 Dodging
 + Level 1.9 Stealth
 + Level 4.0 Spellcasting
 + Level 1.6 Conjurations
 + Level 1.5 Summonings
 + Level 1.6 Translocations


You had 6 spell levels left.
You knew the following spells:

 Your Spells              Type           Power      Damage    Failure   Level
a - Magic Dart            Conj           36%        1d4       9%          1
b - Call Imp              Summ           16%        N/A       13%         2
c - Blink                 Tloc           18%        N/A       12%         2

Your spell library contained the following spells:

 Spells                   Type           Power      Damage    Failure   Level
 Slow                     Hex            12%        N/A       16%         1
 Cigotuvi's Dreadful Rot  Necr/Pois/Air  6%         N/A       24%         2
 Poisonous Vapours        Pois/Air       6%         N/A       24%         2
 Mephitic Cloud           Conj/Pois/Air  5%         N/A       36%         3
 Freezing Cloud           Conj/Ice/Air   5%         6-21      98%         5


Dungeon Overview and Level Annotations

Branches:
Dungeon (3/15)

Altars:
Ru

Shops:
D:1 (   D:2 :


Innate Abilities, Weirdness & Mutations

You are too large for most types of armour.
You have tough skin. (AC +1)


Message History

Casting: Magic Dart (safe; 9% risk of failure)
Confirm with . or Enter, or press ? or * to list all spells.
Aiming: Magic Dart (safe; 9% risk of failure)
Press: ? - help, Shift-Dir - straight line, f/p - gnoll
Aim: a gnoll, wielding a +0 club (moderately wounded, ally target, 100% to hit)
The magic dart hits the gnoll but does no damage.
The gnoll is moderately wounded.
Your cerulean imp hits the gnoll but does no damage.
Your cerulean imp hits the gnoll with a -4 spear.
Your cerulean imp hits the gnoll but does no damage.
The gnoll puts on a burst of speed as it pursues you!
Your cerulean imp barely misses the gnoll.
The gnoll barely misses you.
Casting: Magic Dart (safe; 9% risk of failure)
Confirm with . or Enter, or press ? or * to list all spells.
A tiny devil pulls itself out of the air.
The gnoll hits you with a +0 club.
* * * LOW HITPOINT WARNING * * *
You barely miss the gnoll.
The gnoll is moderately wounded.
The gnoll hits you with a +0 club.
* * * LOW HITPOINT WARNING * * *
Your cerulean imp closely misses the gnoll.
You closely miss the gnoll.
The gnoll is moderately wounded.
The gnoll hits you with a +0 club.
* * * LOW HITPOINT WARNING * * *
Your cerulean imp barely misses the gnoll.
You hit the gnoll but do no damage.
The gnoll is moderately wounded.
The gnoll is no longer moving quickly.
The gnoll barely misses you.
Your cerulean imp hits the gnoll with a -4 spear.
You closely miss the gnoll.
The gnoll is heavily wounded.
The gnoll barely misses you.
Your cerulean imp barely misses the gnoll.
You closely miss the gnoll.
The gnoll is heavily wounded.
The gnoll hits you with a +0 club.
You die...

#####.# #.# #.#### #.#
#.# #.# #.# #)# #.#
##.######.########.#
####................#.#
#......############.#.#
.......###### ##.#.#
......###...######....#
.#(#..##.###.<..@g.#..#
........## ##.####5..##
...#....# #.#.....##
##.##.#.## ##.#.#####
......#..###..#.#
##..........#.#.#
#.###........#5# #.#
##.#######.# #.# ###
#.#


You could see a gnoll (ally target) and a friendly cerulean imp (summoned).

Vanquished Creatures
  2 adders (D:2)
  8 ball pythons
  2 endoplasms
  2 giant cockroaches
  5 goblins
  3 hobgoblins (D:1)
  13 frilled lizards
  A kobold (D:1)
  2 rats
  A spectral goblin (D:1)
39 creatures vanquished.

Vanquished Creatures (collateral kills)
  2 gnolls
  An orc (D:3)
3 creatures vanquished.

Grand Total: 42 creatures vanquished

Notes
Turn   | Place    | Note
-------+----------+-------------------------------------------
     0 | D:1      | javelincjr the Ogre Hedge Wizard began the quest for the
                  | Orb.
     0 | D:1      | Reached XP level 1. HP: 16/16 MP: 5/5
   179 | D:1      | Reached skill level 1 in Conjurations
   179 | D:1      | Reached skill level 1 in Summonings
   179 | D:1      | Reached skill level 1 in Translocations
   275 | D:1      | Reached XP level 2. HP: 24/24 MP: 0/6
   278 | D:1      | Learned a level 2 spell: Call Imp
   341 | D:1      | Found a faded altar of an unknown god.
   421 | D:1      | Prayed at the altar of an unknown god.
   421 | D:1      | Became a worshipper of Ru the Awakened
   422 | D:1      | Fell from the grace of Ru
  1005 | D:1      | Found Qaon Quq's Antique Weapon Shoppe.
  1283 | D:2      | Reached XP level 3. HP: 7/31 MP: 1/8
  1567 | D:2      | Learned a level 2 spell: Blink
  1776 | D:2      | Reached skill level 4 in Spellcasting
  1852 | D:2      | Reached XP level 4. HP: 39/39 MP: 6/10
  1965 | D:2      | Found Ufoom's Book Boutique.
  2421 | D:2      | Slain by a gnoll

Illustrated notes

Levels and vault maps discovered:
D:1:      ncdulo_watergridlock, layout_loops_corners, serial_shops, shop,
          dreamdust_ecumenical_altar_drowned_temple
D:2:      layout_loops_ring, serial_shops, nicolae_book_shop_shelving,
          minmay_lizard_king
D:3:      layout_basic, uniq_grinder

Skill      XL: |  1  2  3 |
---------------+----------+-----
Conjurations   | 1 |  1.6
Summonings     | 1 |  1.5
Translocations | 1 |  1.6
Dodging        | 2 |  2.2
Spellcasting   | 4 |  4.0
Stealth        | |  1.9

Action                     |  1- 3 |  4- 6 || total
---------------------------+-------+-------++-------
  Melee: Dagger            |    25 |     6 ||    31
   Cast: Magic Dart        |    61 |    23 ||    84
         Call Imp          |     3 |     3 ||     6
 Invoke: Renounce Religion |     1 |       ||     1
   Stab: Sleeping          |     2 |       ||     2
 Armour: Robe              |     6 |       ||     6
  Dodge: Dodged            |    12 |     5 ||    17

Table legend: (Time is in decaauts)
 A = Elapsed time spent in this place.
 B = Non-inter-level travel time spent in this place.
 C = Inter-level travel time spent in this place.
 D = Time resting spent in this place.
 E = Time spent auto-exploring this place.
 F = Levels seen in this place.
 G = Mean time per level.
                   A        B        C        D        E       F      G
               +--------+--------+--------+--------+--------+-----+--------+
         Total |   2420 |   2358 |     62 |     74 |   2006 |   3 |  806.7 |
       Dungeon |   2420 |   2358 |     62 |     74 |   2006 |   3 |  806.7 |
               +--------+--------+--------+--------+--------+-----+--------+

Top non-repeatable levels by time:
     D:1: 1282 daAuts
     D:2: 1128 daAuts
     D:3: 9 daAuts
